 Dungeon Crawl Stone Soup version 0.28.0-62-gf88900778d (webtiles) character file.

Game seed: 16043888075850324311

68 jjjjhere the Chopper (level 4, 0/41 HPs)
             Began as a Hill Orc Abyssal Knight on Sept 24, 2023.
             Was a Believer of Lugonu.
             Slain by a goblin
             ... wielding a +0 club
              (3 damage)
             ... on level 2 of the Dungeon on Sept 28, 2023.
             The game lasted 00:02:55 (1598 turns).

jjjjhere the Chopper (Hill Orc Abyssal Knight)      Turns: 1598, Time: 00:02:56

Health: 0/41       AC: 10    Str: 17    XL:     4   Next: 19%
Magic:  5/5        EV:  5    Int: 10    God:    Lugonu [**....]
Gold:   61         SH:  0    Dex: 11    Spells: 3/3 levels left

rFire   . . .      SeeInvis .   a - +1 hand axe
rCold   . . .      Faith    .   (no shield)
rNeg    . . .      Spirit   .   h - +0 plate armour
rPois   .          Reflect  .   (no helmet)
rElec   .          Harm     .   (no cloak)
rCorr   .          Rampage  .   (no gloves)
Will    .....                   (no boots)
Stlth   ..........              (no amulet)
HPRegen 0.13/turn               e - ring of flight
MPRegen 0.09/turn               (no ring)

@: flying
A: no striking features
a: Renounce Religion, Depart the Abyss, Bend Space


You were on level 2 of the Dungeon.
You worshipped Lugonu.
Lugonu was pleased with you.
You visited 1 branch of the dungeon, and saw 2 of its levels.
You visited the Abyss 1 time.

You collected 61 gold pieces.

Inventory:

Hand Weapons
 a - a +1 hand axe (weapon)
Armour
 b - a +0 leather armour
 d - a +0 ring mail
 g - a +0 chain mail
 h - a +0 plate armour (worn)
Jewellery
 e - a ring of flight (left hand)
Scrolls
 c - a scroll of vulnerability {unknown}
 j - a scroll of fog {unknown}
 l - a scroll of blinking {unknown}
Potions
 k - a potion of mutation {unknown}


   Skills:
 + Level 4.4 Fighting
 * Level 5.0 Axes
 - Level 2.1 Armour
 - Level 0.7 Dodging
 - Level 2.4 Invocations


You had 3 spell levels left.
You didn't know any spells.
Your spell library was empty.

Dungeon Overview and Level Annotations

Branches:
Dungeon (2/15)

Altars:

Shops:
D:1 :

Annotations:
D:2 Sigmund


Message History

* * * LOW HITPOINT WARNING * * *
You closely miss Terence.
Terence is lightly wounded.
Terence hits you but does no damage. x2
You slash Terence! Your punch misses Terence.
Terence is heavily wounded.
Terence hits you with a +0 short sword.
* * * LOW HITPOINT WARNING * * *
You slash Terence!
Terence is almost dead.
Terence hits you but does no damage.
You hit Terence but do no damage.
Terence is almost dead.
Terence hits you but does no damage.
You closely miss Terence.
Terence is almost dead.
Terence hits you with a +0 short sword.
* * * LOW HITPOINT WARNING * * *
You hit Terence.
Terence is almost dead.
Terence hits you but does no damage.
You hit Terence.
You kill Terence!
Lugonu accepts your kill.
Your Axes skill increases to level 5!
You have reached level 4!
Unknown command.
You start resting.
Your transformation is almost over.
A goblin comes into view. It is wielding a +0 club.
You cannot move.
A goblin is nearby!
A goblin is nearby!
The goblin shouts!
You feel less wooden.
Your +0 plate armour unmelds from your body.
The goblin hits you with a +0 club.
* * * LOW HITPOINT WARNING * * *
You hit the goblin but do no damage. The goblin hits you with a +0 club.
You die...

......#####................
............................#
............................#
............................#####
.................................
##.............................##
.#................†..............
.+..................†............
.##.......#.....@)..#............
.#........#......g...##..........
.#........#........).##.##+##....
..........+..................>...
.#......###.............#........
.........##.................#....
.........##########....@....#....
.........# #.........#....
........## ..........#.###


You could see Sigmund (wandering) and a goblin.

Vanquished Creatures
  Terence (D:2)
  A dart slug (D:2)
  5 endoplasms
  A giant cockroach (D:1)
  4 goblins
  6 jackals (D:1)
  6 kobolds
  A ball python (D:1)
  5 bats
  4 frilled lizards
  5 rats
39 creatures vanquished.

Notes
Turn   | Place    | Note
-------+----------+-------------------------------------------
     0 | Abyss:1  | jjjjhere the Hill Orc Abyssal Knight began the quest for
                  | the Orb.
     0 | Abyss:1  | Reached XP level 1. HP: 19/19 MP: 2/2
     0 | D:1      | Escaped the Abyss
    37 | D:1      | You fall into a shaft and drop 1 floor!
    55 | D:1      | Reached skill level 3 in Axes
   281 | D:1      | Reached XP level 2. HP: 27/27 MP: 3/3
   293 | D:1      | Reached * piety under Lugonu
   508 | D:1      | Found Syxubuli's Book Emporium.
   691 | D:1      | Reached skill level 4 in Axes
   743 | D:1      | Reached XP level 3. HP: 32/33 MP: 4/4
  1181 | D:2      | Noticed Sigmund
  1389 | D:2      | Found a faded altar of an unknown god.
  1516 | D:2      | Noticed Terence
  1542 | D:2      | HP: 8/33 [Terence/+0 short sword (6)]
  1563 | D:2      | HP: 10/49 [Terence/+0 short sword (6)]
  1565 | D:2      | Reached ** piety under Lugonu
  1572 | D:2      | HP: 10/49 [Terence/+0 short sword (1)]
  1577 | D:2      | HP: 2/49 [Terence/+0 short sword (3)]
  1579 | D:2      | Killed Terence
  1580 | D:2      | Reached skill level 5 in Axes
  1580 | D:2      | Reached XP level 4. HP: 4/41 MP: 5/5
  1597 | D:2      | HP: 3/41 [goblin/+0 club (2)]
  1598 | D:2      | Slain by a goblin

Illustrated notes

Levels and vault maps discovered:
D:1:      evilmike_arrival_home_sweet_home, layout_loops_corners, serial_shops,
          shop, lemuel_old_faithful
D:2:      layout_basic, hellmonk_ecumenical_altar_heavens_door, uniq_sigmund,
          uniq_terence

Skill      XL: |  1  2  3 |
---------------+----------+-----
Axes           | 3 4 5 |  5.0
Fighting       | 4 |  4.4
Armour         | |  2.1
Dodging        | |  0.7
Invocations    | |  2.4

Action                   |  1- 3 |  4- 6 || total
-------------------------+-------+-------++-------
Melee: Hand axe          |   134 |     1 ||   135
       Punch             |     1 |       ||     1
Invok: Depart the Abyss  |     1 |       ||     1
  Use: Potion            |     2 |       ||     2
Armor: Ring mail         |    35 |       ||    35
       Leather armour    |     3 |       ||     3
       Chain mail        |    10 |       ||    10
       Plate armour      |    37 |       ||    37
       Skin              |    14 |       ||    14
Dodge: Dodged            |    59 |       ||    59
